%YAML 1.1
%TAG !u! tag:unity3d.com,2011:
--- !u!1 &4095214872634970546
GameObject:
  m_ObjectHideFlags: 0
  m_CorrespondingSourceObject: {fileID: 0}
  m_PrefabInstance: {fileID: 0}
  m_PrefabAsset: {fileID: 0}
  serializedVersion: 6
  m_Component:
  - component: {fileID: 4095214872634767180}
  - component: {fileID: 4095214872638184342}
  - component: {fileID: 4095214872637189028}
  - component: {fileID: 4049603943146410856}
  - component: {fileID: 4095214872634863815}
  - component: {fileID: 1230642436800528795}
  m_Layer: 0
  m_Name: EquipmentBox
  m_TagString: Untagged
  m_Icon: {fileID: 0}
  m_NavMeshLayer: 0
  m_StaticEditorFlags: 0
  m_IsActive: 1
--- !u!4 &4095214872634767180
Transform:
  m_ObjectHideFlags: 0
  m_CorrespondingSourceObject: {fileID: 0}
  m_PrefabInstance: {fileID: 0}
  m_PrefabAsset: {fileID: 0}
  m_GameObject: {fileID: 4095214872634970546}
  m_LocalRotation: {x: -0, y: -0, z: -0, w: 1}
  m_LocalPosition: {x: -5.252073, y: 0, z: 1.1055546}
  m_LocalScale: {x: 1, y: 1, z: 1}
  m_Children: []
  m_Father: {fileID: 0}
  m_RootOrder: 0
  m_LocalEulerAnglesHint: {x: 0, y: 0, z: 0}
--- !u!33 &4095214872638184342
MeshFilter:
  m_ObjectHideFlags: 0
  m_CorrespondingSourceObject: {fileID: 0}
  m_PrefabInstance: {fileID: 0}
  m_PrefabAsset: {fileID: 0}
  m_GameObject: {fileID: 4095214872634970546}
  m_Mesh: {fileID: 4300000, guid: c7fcdb7e4f1815148a7dd478371e1003, type: 3}
--- !u!23 &4095214872637189028
MeshRenderer:
  m_ObjectHideFlags: 0
  m_CorrespondingSourceObject: {fileID: 0}
  m_PrefabInstance: {fileID: 0}
  m_PrefabAsset: {fileID: 0}
  m_GameObject: {fileID: 4095214872634970546}
  m_Enabled: 1
  m_CastShadows: 1
  m_ReceiveShadows: 1
  m_DynamicOccludee: 1
  m_MotionVectors: 1
  m_LightProbeUsage: 1
  m_ReflectionProbeUsage: 1
  m_RayTracingMode: 2
  m_RenderingLayerMask: 1
  m_RendererPriority: 0
  m_Materials:
  - {fileID: 2100000, guid: 31b16fd87cf33014c946e9d512d1e03c, type: 2}
  m_StaticBatchInfo:
    firstSubMesh: 0
    subMeshCount: 0
  m_StaticBatchRoot: {fileID: 0}
  m_ProbeAnchor: {fileID: 0}
  m_LightProbeVolumeOverride: {fileID: 0}
  m_ScaleInLightmap: 1
  m_ReceiveGI: 1
  m_PreserveUVs: 0
  m_IgnoreNormalsForChartDetection: 0
  m_ImportantGI: 0
  m_StitchLightmapSeams: 1
  m_SelectedEditorRenderState: 3
  m_MinimumChartSize: 4
  m_AutoUVMaxDistance: 0.5
  m_AutoUVMaxAngle: 89
  m_LightmapParameters: {fileID: 0}
  m_SortingLayerID: 0
  m_SortingLayer: 0
  m_SortingOrder: 0
--- !u!64 &4049603943146410856
MeshCollider:
  m_ObjectHideFlags: 0
  m_CorrespondingSourceObject: {fileID: 0}
  m_PrefabInstance: {fileID: 0}
  m_PrefabAsset: {fileID: 0}
  m_GameObject: {fileID: 4095214872634970546}
  m_Material: {fileID: 0}
  m_IsTrigger: 0
  m_Enabled: 1
  serializedVersion: 4
  m_Convex: 1
  m_CookingOptions: 30
  m_Mesh: {fileID: 43118516143974124, guid: ffa09088abdfa9341a6adf8a0ead237c, type: 2}
--- !u!114 &4095214872634863815
MonoBehaviour:
  m_ObjectHideFlags: 0
  m_CorrespondingSourceObject: {fileID: 0}
  m_PrefabInstance: {fileID: 0}
  m_PrefabAsset: {fileID: 0}
  m_GameObject: {fileID: 4095214872634970546}
  m_Enabled: 1
  m_EditorHideFlags: 0
  m_Script: {fileID: 11500000, guid: 44e76ad677dd0624f960c018a4bf7e67, type: 3}
  m_Name: 
  m_EditorClassIdentifier: 
  radius: 3
  item:
  - {fileID: 11400000, guid: 837b54b0344356d499ba17ae223798f6, type: 2}
  - {fileID: 11400000, guid: e64612a7bd1d9174dbb73c47b918b00a, type: 2}
  - {fileID: 11400000, guid: c55ccbd038eaa7c4cb1922f0ec96224c, type: 2}
  - {fileID: 11400000, guid: 86d39b1589fa84a40acbcc30fb5dfd0f, type: 2}
  - {fileID: 11400000, guid: 3660e9a5cb806ce438778cad647c0990, type: 2}
  clip: {fileID: 8300000, guid: d73b73743ea434d9b98c5c0b04b51e3a, type: 3}
--- !u!114 &1230642436800528795
MonoBehaviour:
  m_ObjectHideFlags: 0
  m_CorrespondingSourceObject: {fileID: 0}
  m_PrefabInstance: {fileID: 0}
  m_PrefabAsset: {fileID: 0}
  m_GameObject: {fileID: 4095214872634970546}
  m_Enabled: 1
  m_EditorHideFlags: 0
  m_Script: {fileID: 11500000, guid: 76aea490ba8fe8f4f97f7eb00a235c9d, type: 3}
  m_Name: 
  m_EditorClassIdentifier: 
  highlightColor: {r: 1, g: 0, b: 0, a: 1}
